 Dungeon Crawl Stone Soup version 0.27-a0-899-ge2d0b17c59 (webtiles) character file.

Game seed: 10488872948903084945

5 dickylongcocking the Magician (level 1, -1/15 HPs)
             Began as a Djinni Fire Elementalist on Apr 5, 2021.
             Slain by a kobold
             ... wielding a +0 short sword
              (6 damage)
             ... on level 1 of the Dungeon.
             The game lasted 00:00:30 (533 turns).

dickylongcocking the Magician (DjFE)                 Turns: 533, Time: 00:00:30

Health: -1/15      AC:  2    Str:  7    XL:     1   Next: 80%
Gold:   0          EV: 12    Int: 16    God:
                   SH:  0    Dex: 13

rFire    + + .     SeeInvis .   c - +0 dagger
rCold    x . .     Faith    .   (no shield)
rNeg     . . .     Spirit   .   a - +0 robe
rPois    ∞         Reflect  .   (no helmet)
rElec    .         Harm     .   (no cloak)
rCorr    .         Rampage  .   (no gloves)
Will     .....                  (boots unavailable)
Stlth    ++........             (no amulet)
HPRegen  0.05/turn              (no ring)
MPRegen  0.00/turn              (no ring)

@: flying
A: fire resistance 2, cold vulnerability 1, float, innate caster, hp casting,
extra vitality 1
a: no special abilities


You were on level 1 of the Dungeon.
You visited 1 branch of the dungeon, and saw 1 of its levels.

Inventory:

Hand Weapons
 c - a +0 dagger (weapon)
Armour
 a - a +0 robe (worn)
Jewellery
 d - an amulet of faith
Scrolls
 f - a scroll of teleportation {unknown}
Potions
 b - a potion of haste {unknown}
 e - a potion of lignification {unknown}


   Skills:
 + Level 2.2 Dodging
 + Level 1.6 Stealth
 + Level 2.9 Spellcasting


You couldn't memorise any spells.
You knew the following spells:

 Your Spells              Type           Power      Damage    Failure   Level
a - Foxfire               Conj/Fire      44%        2x1d6     5%          1
b - Conjure Flame         Conj/Fire      11%        6-21      17%         3
c - Inner Flame           Hex/Fire       11%        N/A       17%         3
d - Sticky Flame          Conj/Fire      11%        2d3       50%         4
e - Fireball              Conj/Fire      5%         3d5       83%         5
Your spell library was empty.

Dungeon Overview and Level Annotations

Branches:
Dungeon (1/15)

Altars:


Innate Abilities, Weirdness & Mutations

You are immune to poison.
Your flesh is very heat resistant. (rF++)
You are vulnerable to cold. (rC-)
You float through the air rather than walking.
You learn spells naturally, not from books.
Your magical power is your life essence.
You have superior vitality. (+4 HP)


Message History

The foxfire hits the goblin.
You kill the goblin!
You start resting.
Your foxfire dissipates!
You start resting.
You start resting.
You start resting.
HP restored.
Things that are here:
a +0 dagger; a goblin skeleton
e - a glowing silvery potion
Found a dagger.
No target in view!
You see here a +0 dagger.
Found a leather armour.
No target in view!
You see here a +0 leather armour.
You reach down and open the door.
Found a mace.
No target in view!
There is an open door here.
As you open the door, it creaks loudly!
There is an open door here.
f - a scroll labelled NOJAGIDDERPH No target in view!
You see here a +0 dagger.
A kobold comes into view. It is wielding a +0 short sword.
The kobold shouts!
A kobold is nearby!
The kobold hits you with a +0 short sword.
A kobold is nearby!
You hit the kobold but do no damage.
The kobold hits you with a +0 short sword.
A kobold is nearby!
You are too injured to fight recklessly!
Casting: Foxfire (safe; 5% risk of failure)
Confirm with . or Enter, or press ? or * to list all spells.
You conjure some foxfire!
The kobold hits you with a +0 short sword.
You die...

#.# #####.##### ####.# ##+##
#.........# #.# ##...##
#.###.###.######.## ##.....##
#.###.# #.##...#..### ##.......##
#.#...###.#.........#
#.........###......##.#.#.....#.#
'.........+............)##)#[##..
#.........# #..K..###.....###...#
##.......####.#v@####.#.##.#)##.#
##.....## #.....v....#.#.....#.#
##.....# #.###.######.....#...#
########.### #.# ####.######
...........# #.# #.# ...........#
#.# #.. ...#..#..#.# #.# ###
........≈..+ ..# <........8.# .#


You could see a kobold (ally target).

Vanquished Creatures
  A bat (D:1)
  An endoplasm (D:1)
  A giant cockroach (D:1)
  A goblin (D:1)
  A kobold (D:1)
5 creatures vanquished.

Vanquished Creatures (others)
  11 foxfires (D:1)
11 creatures vanquished.

Grand Total: 16 creatures vanquished

Notes
Turn   | Place    | Note
-------+----------+-------------------------------------------
     0 | D:1      | dickylongcocking the Djinni Fire Elementalist began the
                  | quest for the Orb.
     0 | D:1      | Reached XP level 1. HP: 15/15 MP: 0/0
    78 | D:1      | Found a faded altar of an unknown god.
   533 | D:1      | Slain by a kobold

Illustrated notes

Levels and vault maps discovered:
D:1:      shiori_arrival_oz, layout_loops_corners, basic_ecumenical_altar,
          minmay_tall_x

Action                   || total
-------------------------++-------
Melee: Dagger            ||     2
 Cast: Foxfire           ||     9
Dodge: Dodged            ||     3

Table legend: (Time is in decaauts)
 A = Elapsed time spent in this place.
 B = Non-inter-level travel time spent in this place.
 C = Inter-level travel time spent in this place.
 D = Time resting spent in this place.
 E = Time spent auto-exploring this place.
 F = Levels seen in this place.
 G = Mean time per level.
                   A        B        C        D        E       F      G
               +--------+--------+--------+--------+--------+-----+--------+
         Total |    532 |    532 |      0 |    234 |    256 |   1 |  532.0 |
       Dungeon |    532 |    532 |      0 |    234 |    256 |   1 |  532.0 |
               +--------+--------+--------+--------+--------+-----+--------+

Top non-repeatable levels by time:
     D:1: 532 daAuts
